TOP OF THE 1ST |
Detroit Dirty Snow batting - Pitching for Montgomery Grey Sox : RHP Roger Fuller
|
Pitching: RHP Roger Fuller
|
|
Batting: RHB Bobby Hendricks
|
0-0: Ball 1-0: Ball 2-0: Called Strike 2-1: Ball 3-1: Called Strike 3-2: Foul Ball, location: 2F 3-2: Fly out, F9 (Flyball, 9S)
|
Batting: RHB Mauro Peña
|
0-0: Called Strike 0-1: Ball 1-1: Called Strike 1-2: Strikes out swinging
|
Batting: LHB Luis Salazar
|
0-0: Ground out 4-3 (Groundball, 34)
|
Top of the 1st over - 0 runs, 0 hits, 0 errors, 0 left on base; Detroit 0 - Montgomery 0 |
BOTTOM OF THE 1ST |
Montgomery Grey Sox batting - Pitching for Detroit Dirty Snow : RHP Ánibal Medina
|
Pitching: RHP Ánibal Medina
|
|
Batting: LHB Marcos Féliz
|
0-0: Ball 1-0: Swinging Strike 1-1: Ball 2-1: Foul Ball, location: 2F 2-2: TRIPLE (Line Drive, 9D)
|
Batting: RHB Marvin Kidd
|
0-0: Foul Ball, location: 2F 0-1: Ball 1-1: Swinging Strike 1-2: Foul Ball, location: 2F 1-2: TRIPLE (Line Drive, 78XD) Marcos Féliz scores
|
Batting: LHB José Castillo
|
0-0: Ball 1-0: Ball 2-0: Foul Ball, location: 2F 2-1: Fly out, F9 (Flyball, 9LS) Runner from 3rd tags up, SCORES, no throw
|
Batting: RHB Pedro Castro
|
0-0: Called Strike 0-1: Ball 1-1: Swinging Strike 1-2: Strikes out swinging
|
Batting: LHB José Parra
|
0-0: Ball 1-0: SINGLE (Groundball, 56S) (infield hit)
|
Batting: RHB Jorge Guzmán
|
0-0: Ball 1-0: SINGLE (Line Drive, 56D) José Parra to second
|
Batting: RHB António Nevárez
|
0-0: Called Strike 0-1: Ball 1-1: Ball 2-1: SINGLE (Line Drive, 6) José Parra to third Jorge Guzmán to second Runner from 3rd tries for Home, SAFE, throw made home
|
Batting: RHB Julius Farmer
|
0-0: Swinging Strike 0-1: Ball 1-1: Foul Ball, location: 2F 1-2: Ball 2-2: Foul Ball, location: 2F 2-2: Strikes out swinging
|
Bottom of the 1st over - 3 runs, 5 hits, 0 errors, 2 left on base; Detroit 0 - Montgomery 3 |
TOP OF THE 2ND |
Detroit Dirty Snow batting - Pitching for Montgomery Grey Sox : RHP Roger Fuller
|
Batting: RHB Antenor Anchieta
|
0-0: Foul Ball, location: 2F 0-1: Ball 1-1: Fly out, F9 (Flyball, 9)
|
Batting: SHB Víctor Torres
|
0-0: Called Strike 0-1: Ground out 3-1 (Groundball, 34)
|
Batting: LHB Al Cramer
|
0-0: Ground out 6-3 (Groundball, 6)
|
Top of the 2nd over - 0 runs, 0 hits, 0 errors, 0 left on base; Detroit 0 - Montgomery 3 |
BOTTOM OF THE 2ND |
Montgomery Grey Sox batting - Pitching for Detroit Dirty Snow : RHP Ánibal Medina
|
Batting: RHB Norman Hopkins
|
0-0: Called Strike 0-1: Fly out, F7 (Line Drive, 78D)
|
Batting: LHB Marcos Féliz
|
0-0: SINGLE (Line Drive, 8LS)
|
Batting: RHB Marvin Kidd
|
0-0: Called Strike Marcos Féliz steals 2nd base 0-1: Ball 1-1: Swinging Strike 1-2: Ball 2-2: Ball 3-2: Base on Balls
|
Batting: LHB José Castillo
|
0-0: Foul Ball, location: 2F 0-1: Foul Ball, location: 2F 0-2: Fielders Choice at 2nd, 4-6 (Groundball, 4) Marcos Féliz to third
|
Batting: RHB Pedro Castro
|
0-0: Ball 1-0: Called Strike 1-1: Ball 2-1: Ball 3-1: Swinging Strike 3-2: Strikes out looking
|
Bottom of the 2nd over - 0 runs, 1 hit, 0 errors, 2 left on base; Detroit 0 - Montgomery 3 |
TOP OF THE 3RD |
Detroit Dirty Snow batting - Pitching for Montgomery Grey Sox : RHP Roger Fuller
|
Batting: RHB Paul Liddle
|
0-0: Ball 1-0: Ball 2-0: Ball 3-0: Called Strike 3-1: Base on Balls
|
Batting: LHB Lee Jenkins
|
0-0: Ball 1-0: Ball 2-0: Foul Ball, location: 2F 2-1: Ball 3-1: Swinging Strike 3-2: Base on Balls Paul Liddle to second
|
Batting: RHB António Aguilera
|
0-0: Called Strike 0-1: Ball 1-1: DOUBLE (Groundball, 5L) Paul Liddle scores Lee Jenkins to third
|
Batting: RHB Bobby Hendricks
|
0-0: Called Strike 0-1: Ball 1-1: Fly out, F8 (Flyball, 8LS) Runner from 3rd tags up, SCORES, no throw
|
Batting: RHB Mauro Peña
|
0-0: Ball 1-0: Fly out, F9 (Line Drive, 9S)
|
Batting: LHB Luis Salazar
|
0-0: Called Strike 0-1: Ball 1-1: Fly out, F5 (Line Drive, 5S)
|
Top of the 3rd over - 2 runs, 1 hit, 0 errors, 1 left on base; Detroit 2 - Montgomery 3 |
BOTTOM OF THE 3RD |
Montgomery Grey Sox batting - Pitching for Detroit Dirty Snow : RHP Ánibal Medina
|
Batting: LHB José Parra
|
0-0: Ball 1-0: Ball 2-0: Foul Ball, location: 2F 2-1: Foul Ball, location: 2F 2-2: Strikes out swinging
|
Batting: RHB Jorge Guzmán
|
0-0: SINGLE (Groundball, 34) (infield hit)
|
Batting: RHB António Nevárez
|
0-0: Swinging Strike 0-1: Ball 1-1: Ball 2-1: Foul Ball, location: 2F 2-2: Ball 3-2: Strikes out swinging
|
Batting: RHB Julius Farmer
|
0-0: Called Strike 0-1: Ball 1-1: Foul Ball, location: 2F 1-2: Fly out, F8 (Flyball, 8RS)
|
Bottom of the 3rd over - 0 runs, 1 hit, 0 errors, 1 left on base; Detroit 2 - Montgomery 3 |
TOP OF THE 4TH |
Detroit Dirty Snow batting - Pitching for Montgomery Grey Sox : RHP Roger Fuller
|
Batting: RHB Antenor Anchieta
|
0-0: Swinging Strike 0-1: Fly out, F9 (Flyball, 9S)
|
Batting: SHB Víctor Torres
|
0-0: Ball 1-0: Ball 2-0: Called Strike 2-1: DOUBLE (Groundball, 3L)
|
Batting: LHB Al Cramer
|
0-0: Called Strike 0-1: Ball 1-1: DOUBLE (Line Drive, 9LM) Víctor Torres scores
|
Batting: RHB Paul Liddle
|
0-0: Ball 1-0: Ball 2-0: Ground out 4-3 (Groundball, 4) Al Cramer to third
|
Batting: LHB Lee Jenkins
|
0-0: Ball 1-0: Ball 2-0: Fly out, F8 (Flyball, 8RD)
|
Top of the 4th over - 1 run, 2 hits, 0 errors, 1 left on base; Detroit 3 - Montgomery 3 |
BOTTOM OF THE 4TH |
Montgomery Grey Sox batting - Pitching for Detroit Dirty Snow : RHP Ánibal Medina
|
Batting: RHB Norman Hopkins
|
0-0: Swinging Strike 0-1: Swinging Strike 0-2: Strikes out swinging
|
Batting: LHB Marcos Féliz
|
0-0: Ball 1-0: Swinging Strike 1-1: Fly out, F9 (Flyball, 9S)
|
Batting: RHB Marvin Kidd
|
0-0: Foul Ball, location: 2F 0-1: Ball 1-1: Ball 2-1: Foul Ball, location: 2F 2-2: Strikes out swinging
|
Bottom of the 4th over - 0 runs, 0 hits, 0 errors, 0 left on base; Detroit 3 - Montgomery 3 |
TOP OF THE 5TH |
Detroit Dirty Snow batting - Pitching for Montgomery Grey Sox : RHP Roger Fuller
|
Batting: RHB António Aguilera
|
0-0: Called Strike 0-1: Called Strike 0-2: Ball 1-2: Ball 2-2: Ball 3-2: Base on Balls
|
Batting: RHB Bobby Hendricks
|
0-0: Ball Passed Ball! António Aguilera to second 1-0: Called Strike 1-1: Foul Ball, location: 2F 1-2: Ball 2-2: Ball 3-2: TRIPLE (Flyball, 8RXD) António Aguilera scores
|
Batting: RHB Mauro Peña
|
0-0: Ball 1-0: Called Strike 1-1: Ball 2-1: Foul Ball, location: 2F 2-2: Foul Ball, location: 2F 2-2: SINGLE (Groundball, 56D) Bobby Hendricks scores
|
Pitching: LHP Jared Steele
|
|
Batting: LHB Luis Salazar
|
0-0: Foul Ball, location: 2F 0-1: Ball 1-1: Ball Mauro Peña is caught stealing 2nd base 2-1: DOUBLE (Line Drive, 7LD)
|
Batting: RHB Antenor Anchieta
|
0-0: Ball Luis Salazar is caught stealing 3rd base 1-0: Reached on error, E4 (Groundball, 4)
|
Batting: SHB Víctor Torres
|
0-0: Ball 1-0: Called Strike 1-1: Ball 2-1: Ball 3-1: Called Strike 3-2: Fly out, F8 (Flyball, 8LM)
|
Top of the 5th over - 2 runs, 3 hits, 1 error, 1 left on base; Detroit 5 - Montgomery 3 |
BOTTOM OF THE 5TH |
Montgomery Grey Sox batting - Pitching for Detroit Dirty Snow : RHP Ánibal Medina
|
Batting: LHB José Castillo
|
0-0: Foul Ball, location: 2F 0-1: Ball 1-1: Ground out U3 (Groundball, 3)
|
Batting: RHB Pedro Castro
|
0-0: Called Strike 0-1: SINGLE (Groundball, 6MD)
|
Batting: LHB José Parra
|
0-0: Called Strike 0-1: Ball 1-1: Ball 2-1: Fly out, F9 (Flyball, 9D)
|
Pitching: RHP Jesús Mendoza
|
|
Batting: RHB Jorge Guzmán
|
0-0: Ball 1-0: Ball 2-0: Swinging Strike 2-1: Foul Ball, location: 2F 2-2: Strikes out swinging
|
Bottom of the 5th over - 0 runs, 1 hit, 0 errors, 1 left on base; Detroit 5 - Montgomery 3 |
TOP OF THE 6TH |
Detroit Dirty Snow batting - Pitching for Montgomery Grey Sox : LHP Jared Steele
|
Batting: LHB Al Cramer
|
0-0: Ball 1-0: Fly out, F7 (Line Drive, 78D)
|
Batting: RHB Paul Liddle
|
0-0: Swinging Strike 0-1: Swinging Strike 0-2: Foul Ball, location: 2F 0-2: Strikes out looking
|
Batting: LHB Lee Jenkins
|
0-0: Called Strike 0-1: Swinging Strike 0-2: Strikes out looking
|
Top of the 6th over - 0 runs, 0 hits, 0 errors, 0 left on base; Detroit 5 - Montgomery 3 |
BOTTOM OF THE 6TH |
Montgomery Grey Sox batting - Pitching for Detroit Dirty Snow : RHP Jesús Mendoza
|
Batting: RHB António Nevárez
|
0-0: Ball 1-0: Ball 2-0: Called Strike 2-1: Ground out 4-3 (Groundball, 4)
|
Batting: RHB Julius Farmer
|
0-0: Ball 1-0: Ball 2-0: Foul Ball, location: 2F 2-1: Foul Ball, location: 2F 2-2: DOUBLE (Flyball, 89D)
|
Batting: RHB Norman Hopkins
|
0-0: Called Strike 0-1: Ball 1-1: Foul Ball, location: 2F 1-2: Ball 2-2: Strikes out swinging
|
Batting: LHB Marcos Féliz
|
0-0: Ball 1-0: Ball 2-0: Foul Ball, location: 2F 2-1: Ball 3-1: Base on Balls
|
Batting: RHB Marvin Kidd
|
0-0: Swinging Strike
|
|
|
|
0-1: Foul Ball, location: 2F 0-2: Ball 1-2: Foul Ball, location: 2F 1-2: Strikes out swinging
|
Bottom of the 6th over - 0 runs, 1 hit, 0 errors, 2 left on base; Detroit 5 - Montgomery 3 |
TOP OF THE 7TH |
Detroit Dirty Snow batting - Pitching for Montgomery Grey Sox : LHP Jared Steele
|
Batting: RHB António Aguilera
|
0-0: TRIPLE (Flyball, 8LXD)
|
Batting: RHB Bobby Hendricks
|
0-0: Ball 1-0: Foul Ball, location: 2F 1-1: Ball 2-1: Ball 3-1: Foul Ball, location: 2F 3-2: Base on Balls
|
Batting: RHB Mauro Peña
|
0-0: Fly out, F5 (Line Drive, 5S)
|
Pinch Hitting: RHB Manuel Flores
|
0-0: Called Strike 0-1: Called Strike 0-2: Fielders Choice at 2nd, 1-4 (Groundball, 15)
|
Batting: RHB Antenor Anchieta
|
0-0: Ball 1-0: Called Strike 1-1: Ball 2-1: Ball 3-1: Called Strike 3-2: Ground out U3 (Groundball, 3S)
|
Top of the 7th over - 0 runs, 1 hit, 0 errors, 2 left on base; Detroit 5 - Montgomery 3 |
BOTTOM OF THE 7TH |
Montgomery Grey Sox batting - Pitching for Detroit Dirty Snow : RHP Jesús Mendoza
|
Now at 2B: Manuel Flores
|
|
Batting: LHB José Castillo
|
0-0: Ball 1-0: Swinging Strike 1-1: Ball 2-1: Fly out, F8 (Flyball, 8RM)
|
Batting: RHB Pedro Castro
|
0-0: Ball 1-0: Ball 2-0: Called Strike 2-1: Called Strike 2-2: Ball 3-2: Strikes out swinging
|
Batting: LHB José Parra
|
0-0: Ball 1-0: Called Strike 1-1: Foul Ball, location: 2F 1-2: Ball 2-2: Foul Ball, location: 2F 2-2: Strikes out swinging
|
Bottom of the 7th over - 0 runs, 0 hits, 0 errors, 0 left on base; Detroit 5 - Montgomery 3 |
TOP OF THE 8TH |
Detroit Dirty Snow batting - Pitching for Montgomery Grey Sox : LHP Jared Steele
|
Batting: SHB Víctor Torres
|
0-0: Ball 1-0: Ground out 4-3 (Groundball, 4)
|
Batting: LHB Al Cramer
|
0-0: Ground out 4-3 (Groundball, 34D)
|
Batting: RHB Paul Liddle
|
0-0: Ball 1-0: Ball 2-0: Ball 3-0: Base on Balls
|
Batting: LHB Lee Jenkins
|
0-0: Called Strike 0-1: Foul Ball, location: 2F 0-2: Foul Ball, location: 2F 0-2: Strikes out swinging
|
Top of the 8th over - 0 runs, 0 hits, 0 errors, 1 left on base; Detroit 5 - Montgomery 3 |
BOTTOM OF THE 8TH |
Montgomery Grey Sox batting - Pitching for Detroit Dirty Snow : RHP Jesús Mendoza
|
Batting: RHB Jorge Guzmán
|
0-0: Called Strike 0-1: Called Strike 0-2: Ball 1-2: Ground out 3-1 (Groundball, 34)
|
Batting: RHB António Nevárez
|
0-0: Called Strike 0-1: Foul Ball, location: 2F 0-2: DOUBLE (Line Drive, 5D)
|
Batting: RHB Julius Farmer
|
0-0: Ball 1-0: DOUBLE (Line Drive, 7LM) António Nevárez scores
|
Pinch Hitting: SHB Kenneth Cruz
|
0-0: Ball 1-0: Ball 2-0: Ball 3-0: Called Strike 3-1: Ground out 6-3 (Groundball, 6) Julius Farmer to third
|
Pitching: LHP Jorge Luna
|
|
Pinch Hitting: RHB Randall James
|
0-0: Ball 1-0: Foul Ball, location: 2F 1-1: Ball 2-1: Ball 3-1: Swinging Strike 3-2: SINGLE (Flyball, 7LS) Julius Farmer scores
|
Batting: RHB Marvin Kidd
|
0-0: Ball 1-0: Ball 2-0: Ball 3-0: Called Strike 3-1: Called Strike 3-2: SINGLE (Flyball, 78S) Randall James to second Randall James to third
|
Pinch Hitting: RHB Andrew Lewis
|
0-0: Ball 1-0: Ball 2-0: Ball 3-0: Called Strike 3-1: Foul Ball, location: 2F 3-2: Base on Balls Marvin Kidd to second
|
Batting: RHB Pedro Castro
|
0-0: Ball 1-0: Ground out U3 (Groundball, 34S)
|
Bottom of the 8th over - 2 runs, 4 hits, 0 errors, 3 left on base; Detroit 5 - Montgomery 5 |
TOP OF THE 9TH |
Detroit Dirty Snow batting - Pitching for Montgomery Grey Sox : LHP Jared Steele
|
Pitching: RHP Calvin Bickly
|
|
Now at 1B: Andrew Lewis
|
|
Now in LF: Randall James
|
|
Batting: RHB António Aguilera
|
0-0: SINGLE (Groundball, 34D)
|
Now in LF: Kenneth Cruz
|
|
Batting: RHB Bobby Hendricks
|
0-0: Ball 1-0: Fly out, F8 (Flyball, 8LD)
|
Batting: RHB Mauro Peña
|
0-0: Called Strike 0-1: Ball 1-1: Ball António Aguilera steals 2nd base 2-1: Ball 3-1: Fly out, F5 (Line Drive, 5)
|
Batting: RHB Manuel Flores
|
0-0: Swinging Strike 0-1: Ball 1-1: Ball 2-1: Ball 3-1: SINGLE (Line Drive, 7LS) António Aguilera to third
|
Batting: RHB Antenor Anchieta
|
0-0: Called Strike 0-1: Foul Ball, location: 2F 0-2: Ball 1-2: Fly out, F8 (Flyball, 8RD)
|
Top of the 9th over - 0 runs, 2 hits, 0 errors, 2 left on base; Detroit 5 - Montgomery 5 |
BOTTOM OF THE 9TH |
Montgomery Grey Sox batting - Pitching for Detroit Dirty Snow : LHP Jorge Luna
|
Pinch Hitting: RHB Dave McGuire
|
0-0: Foul Ball, location: 2F 0-1: Fly out, F7 (Flyball, 78S)
|
Batting: RHB Jorge Guzmán
|
0-0: Called Strike 0-1: Ball 1-1: SINGLE (Groundball, 56D)
|
Pinch Runner at 1st Alberto García:
|
|
Batting: RHB António Nevárez
|
0-0: Ball 1-0: Foul Ball, location: 2F 1-1: Ball 2-1: Foul Ball, location: 2F 2-2: Grounds into double play, 6-4-3 (Groundball, 6)
|
Bottom of the 9th over - 0 runs, 1 hit, 0 errors, 0 left on base; Detroit 5 - Montgomery 5 |
TOP OF THE 10TH |
Detroit Dirty Snow batting - Pitching for Montgomery Grey Sox : RHP Calvin Bickly
|
Now in RF: Ron Young
|
|
Batting: SHB Víctor Torres
|
0-0: Foul Ball, location: 2F 0-1: SINGLE (Line Drive, 6D)
|
Pinch Runner at 1st Phil Poole:
|
|
Batting: LHB Al Cramer
|
0-0: Ball 1-0: Ball 2-0: Bunt missed! 2-1: Bunted foul 2-2: DOUBLE (Line Drive, 8LD) Phil Poole to third Runner from 3rd tries for Home, SAFE, no throw
|
Batting: RHB Paul Liddle
|
0-0: Ball 1-0: Ball 2-0: Fly out, F7 (Flyball, 78S)
|
Batting: LHB Lee Jenkins
|
0-0: Foul Ball, location: 2F 0-1: Swinging Strike 0-2: Strikes out swinging
|
Batting: RHB António Aguilera
|
0-0: Foul Ball, location: 2F 0-1: Called Strike 0-2: Strikes out swinging
|
Top of the 10th over - 1 run, 2 hits, 0 errors, 1 left on base; Detroit 6 - Montgomery 5 |
BOTTOM OF THE 10TH |
Montgomery Grey Sox batting - Pitching for Detroit Dirty Snow : LHP Jorge Luna
|
Now in LF: Phil Poole
|
|
Batting: RHB Julius Farmer
|
0-0: SINGLE (Groundball, 34S) (infield hit)
|
Batting: SHB Kenneth Cruz
|
0-0: 2-RUN HOME RUN (Flyball, 9D), Distance : 368 ft
|
Saturday, April 7th, 2018 - OOTP Baseball 18.8 Build 76
|
|